 Dungeon Crawl Stone Soup version 0.17-a0-2147-gfb20a63 (webtiles) character file.

306 wvc the Cudgeler (level 6, -9/37 HPs)
             Began as a Gargoyle Monk on Oct 24, 2015.
             Killed by divine providence
             ... invoked by an orc priest
              (14 damage)
             ... on level 4 of the Dungeon.
             The game lasted 00:09:14 (3414 turns).

wvc the Cudgeler (Gargoyle Monk)                    Turns: 3414, Time: 00:09:14

Health: -9/37      AC: 12    Str: 15      XL:     6   Next: 39%
Magic:  6/6        EV: 12    Int: 12      God:
Gold:   209        SH:  0    Dex:  9 (12) Spells: 0 memorised, 5 levels left

rFire  . . .     SeeInvis .     a - +0 mace
rCold  . . .     Clarity  .     x - +0 leather armour
rNeg   + . .     SustAt   .     (no shield)
rPois  ∞         Gourm    .     w - +2 hat
rElec  +         Spirit   .     (no cloak)
rCorr  .         Warding  .     (no gloves)
rMut   .         Stasis   .     k - +2 pair of boots
MR     .....                    (no amulet)
Stlth  +.........               (no ring)
                                (no ring)

@: flying, not resistant to hostile enchantments, very unstealthy
A: negative energy resistance 1, electricity resistance, unbreathing,
petrification resistance, rot immunity, AC +4
a: no special abilities


You were on level 4 of the Dungeon.
You were not hungry.

You visited 1 branch of the dungeon, and saw 4 of its levels.

You collected 209 gold pieces.

Inventory:

Hand Weapons
 a - a +0 mace (weapon)
Armour
 k - a +2 pair of boots (worn)
 t - a +1 crystal plate armour
 w - a +2 hat (worn)
 x - a +0 leather armour (worn)
Jewellery
 j - an uncursed ring of ice
Scrolls
 d - 3 scrolls of teleportation
 l - a scroll of remove curse
 s - a scroll of enchant weapon
Potions
 c - a potion of agility
 e - 5 potions of haste
 g - a potion of resistance
Comestibles
 b - 4 bread rations
 f - 3 meat rations
 h - a fruit


   Skills:
 - Level 3.2 Fighting
 * Level 5.2 Maces & Flails
 - Level 2.0 Armour
 - Level 3.0 Dodging
 - Level 2.1 Stealth
 - Level 4.0 Unarmed Combat


You had 5 spell levels left.
You didn't know any spells.

Dungeon Overview and Level Annotations

Branches:
Dungeon (4/15)
 Temple: D:4-7

Altars:
Ru

Shops:
D:4 :=


Innate Abilities, Weirdness & Mutations

You are resistant to torment.
Your stone body is resilient (AC +4).
You are immune to poison.
You resist negative energy.
You are resistant to electric shocks.
You can survive without breathing.
You are immune to petrification.
You are immune to rotting.


Message History

The orc priest resists with some effort.
The orc looks frightened!
The orc priest looks frightened!
Read which item? (? for menu, Esc to quit)
As you read the scroll of teleportation, it crumbles to dust.
You feel strangely unstable.
The orc priest looks braver for a moment.
Drink which item? (? for menu, Esc to quit)
It was a potion of flight.
You feel very buoyant.
You fly up into the air.
Drink which item? (? for menu, Esc to quit)
It was a potion of degeneration.
There was something very wrong with that liquid.
You feel clumsy.
The orc priest hits you but does no damage.
You closely miss the orc priest.
Your surroundings suddenly seem different.
The orc priest calls down the wrath of Beogh upon you.
Something smites you!
You die...

##..####.# #..<#
#.# #.#.# #∩# #
#.# #.#
#.#.####.#
#....o##.#
#.###o##.# #.
#....######## ###
#.###.@..........
>.#
#..oo.###.######
#.# ###.#.# #.#
#.# #.#.###.# #.#
#.#....## #.##
#.#.#### ...#
#.#.#
#..##########.#.#
#.............#.#


You could see 2 orc priests, an orc wizard and an orc.

Vanquished Creatures
  A scorpion (D:4)
  A hound (D:4)
  An orc wizard (D:4)
  Robin (D:2)
  4 gnolls (D:4)
  5 adders
  An ooze (D:1)
  3 worms
  A giant gecko (D:4)
  12 orcs
  2 ball pythons
  6 bats
  2 giant cockroaches
  12 hobgoblins
  5 jackals
  2 quokkas (D:3)
  A giant gecko skeleton (D:4)
  3 giant newts
  14 goblins
  5 kobolds
  13 rats
95 creatures vanquished.

Notes
Turn   | Place    | Note
--------------------------------------------------------------
     0 | D:1      | wvc the Gargoyle Monk began the quest for the Orb.
     0 | D:1      | Reached XP level 1. HP: 14/14 MP: 1/1
    53 | D:1      | Reached XP level 2. HP: 10/19 MP: 2/2
   562 | D:1      | Reached skill level 1 in Maces & Flails
   699 | D:1      | Reached XP level 3. HP: 23/23 MP: 3/3
   936 | D:2      | Noticed Robin
   951 | D:2      | Killed Robin
   952 | D:2      | Reached skill level 1 in Armour
  1103 | D:2      | Reached XP level 4. HP: 9/28 MP: 4/4
  1342 | D:2      | Found a sacrificial altar of Ru.
  2643 | D:3      | Reached XP level 5. HP: 21/32 MP: 5/5
  2771 | D:4      | Found Migas's Jewellery Boutique.
  3088 | D:4      | Reached XP level 6. HP: 24/37 MP: 6/6
  3320 | D:4      | Found Eserch's Book Boutique.
  3398 | D:4      | Reached skill level 5 in Maces & Flails
  3414 | D:4      | Killed from afar by an orc priest

Vault maps used:
D:1:      ncdulo_halloftheorcs, corexii_hall_statues_l
D:2:      first_bread, nicolae_ru_sacrificial_ziggurat, uniq_robin
D:3:      kennysheep_generic_room_4
D:4:      serial_shops, shop, nicolae_shop_stone, kennysheep_mini_moat

Action                   |  1- 3 |  4- 6 || total
-------------------------+-------+-------++-------
Melee: Unarmed           |   129 |    78 ||   207
       Mace              |       |   195 ||   195
  Use: Scroll            |       |    15 ||    15
       Potion            |       |     2 ||     2
 Stab: Sleeping          |     5 |     1 ||     6
  Eat: Beef jerky        |     1 |     2 ||     3
       Fruit             |       |     2 ||     2
       Chunk             |       |     2 ||     2
